 Dungeon Crawl Stone Soup version 0.31-a0-981-geadf994542 (webtiles) character file.

Game seed: 17933751582718920127

81 Vomitron the Changeling (level 4, -8/34 HPs)
             Began as a Merfolk Shapeshifter on Nov 1, 2023.
             Mangled by a gnoll bouda
             ... wielding a +0 whip
              (13 damage)
             ... on level 3 of the Dungeon.
             The game lasted 00:03:09 (2254 turns).

Vomitron the Changeling (Merfolk Shapeshifter)      Turns: 2254, Time: 00:03:10

Health: -8/34      AC:  2    Str: 14    XL:     4   Next: 40%
Magic:  4/4        EV: 12    Int:  9    God:
Gold:   209        SH:  5    Dex: 15    Spells: 3/3 levels left

rFire   . .          .
                       - Unarmed
rCold   + . .        (no shield)
rNeg    . . .        a - +0 animal skin
rPois   .            (helmet currently unavailable)
rElec   .            (cloak currently unavailable)
rCorr   .            (gloves currently unavailable)
SInv    .            (boots currently unavailable)
Will    .....        n - amulet of reflection
Stlth   +            i - ring of protection from cold
HPRegen 0.25/turn    (no ring)
MPRegen 0.09/turn

%: reflection
@: beast-form, weakened
A: beast (slay +2), (nimble swimmer 2), mertail
a: Begin Untransformation


You were on level 3 of the Dungeon.
You were a hulking beast.
You visited 1 branch of the dungeon, and saw 4 of its levels.

You collected 209 gold pieces.

Inventory:

Armour
 a - a +0 animal skin (worn)
Jewellery
 i - a ring of protection from cold (left hand)
 n - an amulet of reflection (around neck)
Talismans
 c - a beast talisman
 d - a flux talisman
Scrolls
 e - 6 scrolls of identify {unknown}
 j - 2 scrolls of teleportation {unknown}
 k - a scroll of amnesia {unknown}
 l - a scroll of brand weapon {unknown}
 p - a scroll of poison {unknown}
 r - a scroll of fear {unknown}
 s - a scroll of noise {unknown}
Potions
 b - a potion of lignification
 f - a potion of heal wounds {unknown}
 g - a potion of enlightenment {unknown}
 h - 2 potions of brilliance {unknown}
 m - a potion of mutation {unknown}
 o - 2 potions of curing {unknown}
 q - a potion of magic {unknown}


   Skills:
 + Level 2.3 Fighting
 - Level 2.6 Dodging
 * Level 4.5 Unarmed Combat
 + Level 4.6 Shapeshifting


You had 3 spell levels left.
You didn't know any spells.
Your spell library contained the following spells:

 Spells                   Type           Power      Damage    Failure   Level
 Hailstorm                Conj/Ice       0%         3d3       77%         3
 Summon Ice Beast         Ice/Summ       0%         N/A       99%         4
 Summon Forest            Summ/Tloc      0%         N/A       100%        5
 Summon Mana Viper        Hex/Summ       0%         N/A       100%        5
 Simulacrum               Ice/Necr       0%         N/A       100%        6
 Summon Cactus Giant      Summ           0%         N/A       100%        6


Dungeon Overview and Level Annotations

Branches:
Dungeon (4/15)
 Temple: D:4-7

Altars:
Makhleb

Annotations:
D:4 3 runed translucent doors, PowderKeg's ghost, novice FoEE


Innate Abilities, Weirdness & Mutations

You are a hulking beast.
Your limbs bulge with bestial killing power. (Slay +2)
((You are very nimble when in or above water. (Stealth+, EV+, Speed+++)))
Your lower body shifts to a powerful aquatic tail in water.


Message History

You are too injured to fight recklessly!
You closely miss the gnoll bouda.
Your attacks no longer feel as feeble.
The gnoll bouda closely misses you.
You punch the gnoll bouda!
The gnoll bouda is moderately wounded.
The gnoll bouda hits you with a +0 whip.
Press: ? - help, v - describe, . - travel
Here: a gnoll bouda, wielding a +0 whip and wearing a +0 robe (moderately wounded)
The floor, spattered with blood.
You closely miss the gnoll bouda.
The gnoll bouda is moderately wounded.
The gnoll bouda hits you with a +0 whip!
* * * LOW HITPOINT WARNING * * *
Unknown command.
You barely miss the gnoll bouda. Your punch misses the gnoll bouda.
The gnoll bouda is moderately wounded.
You punch the gnoll bouda!
The gnoll bouda is almost dead.
The gnoll bouda mumbles some strange prayers to its god.
The gnoll bouda is healed somewhat.
You hit the gnoll bouda.
The gnoll bouda is severely wounded.
The gnoll bouda barely misses you.
You barely miss the gnoll bouda.
You punch the gnoll bouda, but do no damage.
The gnoll bouda is severely wounded.
You block the gnoll bouda's attack.
You closely miss the gnoll bouda.
The gnoll bouda is severely wounded.
The gnoll bouda gazes fiercely through you!
You feel your attacks grow feeble. The gnoll bouda closely misses you.
You barely miss the gnoll bouda.
The gnoll bouda is severely wounded.
You block the gnoll bouda's attack.
You hit the gnoll bouda. You punch the gnoll bouda.
The gnoll bouda is almost dead.
The gnoll bouda hits you with a +0 whip!
You die...

#..........###.#.##.#..........
#..........##.................#
#..............##...####.......
#.............###.#.######...##
#..............................
#..........##..................
#..........###...##....>.......
###.###.........###.##.........
#.###..####.h##...##.........
#.........#g....#.##.........
######.............#.........
#.........##..##.)......
#.........##...##.......
#######......#.....#####
#####..##...#####.
#............. #.#..###..#...


You could see a gnoll bouda.

Vanquished Creatures
  2 adders
  4 bats
  6 endoplasms
  5 goblins
  7 hobgoblins
  5 jackals (D:1)
  5 quokkas
  9 ball pythons
  A frilled lizard (D:3)
  6 kobolds
  3 rats
53 creatures vanquished.

Notes
Turn   | Place    | Note
-------+----------+-------------------------------------------
     0 | D:1      | Vomitron the Merfolk Shapeshifter began the quest for the
                  | Orb.
     0 | D:1      | Reached XP level 1. HP: 15/15 MP: 1/1
    28 | D:1      | Found a faded altar of an unknown god.
   100 | D:1      | Reached XP level 2. HP: 13/21 MP: 2/2
   443 | D:1      | Reached XP level 3. HP: 27/27 MP: 3/3
  1397 | D:2      | Reached XP level 4. HP: 32/33 MP: 4/4
  1784 | D:4      | Found a runed translucent gate.
  1784 | D:4      | Noticed PowderKeg's ghost (novice FoEE)
  1785 | D:4      | Identified the +8 chain mail of Wariness {+Blink Dex+2}
  1785 | D:4      | Noticed an orc warrior
  1813 | D:4      | Found a burning altar of Makhleb.
  1843 | D:4      | Found a runed translucent gate.
  1843 | D:4      | Found a runed translucent gate.
  1849 | D:4      | Identified the +1 dagger of Expedience {drain, Fly Int+3}
  1849 | D:4      | Identified the +0 chain mail of Awomo {Fly}
  2254 | D:3      | Mangled by a gnoll bouda

Illustrated notes

Levels and vault maps discovered:
D:1:      erik_arrival_orb_chamber, layout_rooms, basic_ecumenical_altar,
          minmay_misc_feat_rugged
D:2:      layout_basic
D:3:      layout_rooms
D:4:      layout_loops_ring, mainiacjoe_overflow_catwalk,
          biasface_ghost_orc_armoury

Skill      XL: |  1  2  3 |
---------------+----------+-----
Unarmed Combat | 4 |  4.5
Fighting       | 2 |  2.3
Dodging        | |  2.6
Shapeshifting  | |  4.6

Action                     |  1- 3 |  4- 6 || total
---------------------------+-------+-------++-------
  Melee: Unarmed           |   106 |    47 ||   153
         Punch             |     2 |     5 ||     7
   Stab: Sleeping          |     1 |     1 ||     2
         Distracted        |       |     1 ||     1
 Armour: Animal skin       |    44 |    27 ||    71
  Dodge: Dodged            |    47 |    24 ||    71
  Block: Other             |     9 |    10 ||    19
         Reflection        |       |     1 ||     1

Table legend: (Time is in decaauts)
 A = Elapsed time spent in this place.
 B = Non-inter-level travel time spent in this place.
 C = Inter-level travel time spent in this place.
 D = Time resting spent in this place.
 E = Time spent auto-exploring this place.
 F = Levels seen in this place.
 G = Mean time per level.
                   A        B        C        D        E       F      G
               +--------+--------+--------+--------+--------+-----+--------+
         Total |   2243 |   2128 |    115 |    277 |   1482 |   4 |  560.8 |
       Dungeon |   2243 |   2128 |    115 |    277 |   1482 |   4 |  560.8 |
               +--------+--------+--------+--------+--------+-----+--------+

Top non-repeatable levels by time:
     D:2: 749 daAuts
     D:1: 611 daAuts
     D:3: 598 daAuts
     D:4: 283 daAuts
